 Dungeon Crawl Stone Soup version 0.30.0-5-g1a98f26d00 (webtiles) character file.

Game seed: 14958534844908888080

239 Brutalitops the Ruffian (level 5, -2/49 HPs)
             Began as a Troll Gladiator on May 10, 2023.
             Was a Believer of Uskayaw.
             Constricted to death by Grinder (5 damage)
             ... on level 3 of the Dungeon.
             The game lasted 00:09:39 (2133 turns).

Brutalitops the Ruffian (Troll Gladiator)           Turns: 2133, Time: 00:09:40

Health: -2/49      AC:  4    Str: 24    XL:     5   Next: 79%
Magic:  5/5        EV:  7    Int:  4    God:    Uskayaw [**....]
Gold:   176        SH:  0    Dex: 11    Spells: 4/4 levels left

rFire   . .          .
                       - Unarmed
rCold   . . .        (no shield)
rNeg    + . .        a - +0 robe
rPois   .            b - +0 hat
rElec   .            (no cloak)
rCorr   +            (gloves unavailable)
SInv    .            (boots unavailable)
Will    .....        A - amulet of regeneration
Stlth   +            e - ring of resist corrosion
HPRegen 1.88/turn    C - ring of positive energy
MPRegen 0.09/turn

%: no passive effects
@: grasped by roots, constricted
A: large, unfitting armour, claws 3, regeneration 1, shaggy fur 1, tough skin 1
a: Renounce Religion, Stomp, Line Pass


You were on level 3 of the Dungeon.
You worshipped Uskayaw.
Uskayaw was noncommittal.
You visited 1 branch of the dungeon, and saw 3 of its levels.
You also visited: Sewer.

You collected 176 gold pieces.

Inventory:

Missiles
 c - 3 throwing nets (quivered)
 d - a large rock
 x - 8 poisoned darts
Armour
 a - a +0 robe (worn)
 b - a +0 hat (worn)
Jewellery
 e - a ring of resist corrosion (left claw)
 m - a ring of magical power
 s - an amulet of reflection
 A - an amulet of regeneration (around neck)
 B - an amulet of magic regeneration
 C - a ring of positive energy (right claw)
Scrolls
 j - a scroll of immolation
 k - a scroll of summoning {unknown}
 l - 2 scrolls of teleportation
 q - 2 scrolls of fog {unknown}
 u - 3 scrolls of enchant armour
 v - a scroll of enchant weapon {unknown}
 w - a scroll of blinking {unknown}
 y - a scroll of poison {unknown}
Potions
 f - a potion of might
 g - a potion of cancellation
 h - a potion of invisibility
 i - a potion of attraction
 n - a potion of curing {unknown}
 o - a potion of berserk rage {unknown}
 p - 2 potions of magic
 r - a potion of lignification {unknown}
 t - 2 potions of heal wounds {unknown}
 z - 2 potions of haste {unknown}


   Skills:
 + Level 1.7 Fighting
 + Level 2.0 Throwing
 + Level 3.2 Dodging
 + Level 0.6 Stealth
 + Level 0.4 Shields
 + Level 5.0 Unarmed Combat
 * Level 1.6 Invocations


You had 4 spell levels left.
You didn't know any spells.
Your spell library was empty.

Dungeon Overview and Level Annotations

Branches:
Dungeon (3/15)              Sewer (visited)

Altars:
Uskayaw

Shops:
D:2 =

Annotations:
D:3 Grinder


Innate Abilities, Weirdness & Mutations

You are too large for most types of armour.
You have claws for hands.
Your natural rate of healing is unusually fast.
You are covered in fur. (AC +1)
You have tough skin. (AC +1)


Message History

You scratch Grinder.
Grinder is lightly wounded.
Grinder hits you.
You writhe in agony.
You closely miss Grinder.
Grinder is lightly wounded.
Grinder says, "I used to sell toenails on the black market."
Grinder completely misses you.
You barely miss Grinder.
Grinder is lightly wounded.
Grinder barely misses you.
You claw Grinder!
Grinder is heavily wounded.
You can now pass through a line of other dancers.
You claw Grinder!
Grinder is severely wounded.
Grinder zaps a wand.
The roots erupt in riotous growth!
The grasping roots grab you!
Grinder is unaffected.
The grasping roots constrict you!
You closely miss Grinder.
Grinder is severely wounded.
Grinder gestures at you. Pain shoots through your body!
The grasping roots constrict you!
You scratch Grinder.
Grinder is almost dead.
Grinder gestures at you.
You barely resist. The grasping roots constrict you.
* * * LOW HITPOINT WARNING * * *
You closely miss Grinder.
Grinder is almost dead.
Grinder hits you!
* * * LOW HITPOINT WARNING * * *
You writhe in agony.
* * * LOW HITPOINT WARNING * * *
The grasping roots constrict you.
* * * LOW HITPOINT WARNING * * *
Okay, then.
Okay, then.
It was a potion of cancellation.
You feel magically purged. Grinder closely misses you.
The grasping roots constrict you.
You die...

*********** #.,,,,,,,,*
**###g*******,*
*********,,.#.###*# *,*
*,,,,,,,,,,,......# *,*
*,**,****,,,,..5#.#**,*
*,*,,,***,***,....,,,,*
*,,,,,,**,*####.#**,***
****,*,,,***,*#.@5J#
*,* ,,,,,**,**
#,*#.##.###.# *******,*
#.##.##.....# * *,*
#.......##### * **+**
####.#### * **,,,** #.#
# **,,...#####.##### *
**,,,.............#
***,,,,.....###.....#


You could see Grinder and an endoplasm.

Vanquished Creatures
  Pargi (Sewer)
  A jelly (D:3)
  Jessica (D:3)
  2 adders
  2 worms (D:3)
  2 dart slugs
  An orc (D:3)
  5 endoplasms
  2 giant cockroaches
  4 goblins
  2 hobgoblins (D:1)
  2 quokkas
  9 ball pythons
  7 bats
  5 frilled lizards
  9 kobolds
  3 rats
  A spectral hobgoblin (D:2)
59 creatures vanquished.

Notes
Turn   | Place    | Note
-------+----------+-------------------------------------------
     0 | D:1      | Brutalitops the Troll Gladiator began the quest for the
                  | Orb.
     0 | D:1      | Reached XP level 1. HP: 19/19 MP: 0/0
   101 | D:1      | Reached XP level 2. HP: 27/27 MP: 1/1
   672 | D:2      | Reached XP level 3. HP: 33/33 MP: 2/2
   834 | D:2      | Found a faded altar of an unknown god.
   843 | D:2      | Prayed at the altar of an unknown god.
   843 | D:2      | Became a worshipper of Uskayaw the Reveller
   843 | D:2      | Reached * piety under Uskayaw
   969 | D:2      | Reached ** piety under Uskayaw
  1055 | D:2      | Found Fedue's Jewellery Boutique.
  1216 | D:3      | Found a hide-covered altar of Uskayaw.
  1244 | D:3      | Reached skill level 4 in Unarmed Combat
  1246 | D:3      | Found a glowing drain.
  1258 | Sewer    | Entered a sewer
  1337 | Sewer    | Noticed Pargi
  1350 | Sewer    | Reached *** piety under Uskayaw
  1351 | Sewer    | Killed Pargi
  1352 | Sewer    | Reached skill level 1 in Invocations
  1352 | Sewer    | Reached XP level 4. HP: 18/42 MP: 3/3
  1352 | Sewer    | Reached XP level 5. HP: 21/49 MP: 4/4
  1353 | Sewer    | Reached **** piety under Uskayaw
  1613 | D:3      | Noticed Jessica
  1616 | D:3      | Killed Jessica
  2011 | D:3      | Reached skill level 5 in Unarmed Combat
  2110 | D:3      | Noticed Grinder
  2110 | D:3      | Paralysed by Grinder for 4 turns
  2132 | D:3      | HP: 1/49 [constriction (4)]
  2133 | D:3      | Constricted to death by Grinder

Illustrated notes

Levels and vault maps discovered:
D:1:      dpeg_arrival_fog, layout_basic, minmay_pentomino_t2
D:2:      layout_loops_ring, dreamdust_ecumenical_altar_drowned_temple,
          serial_shops, shop, chequers_serial_rivers_micro_b
D:3:      layout_loops_corners, amcnicky_altar_gilded,
          cheibrodos_sewer_entry_drain, kennysheep_path_1, uniq_jessica,
          uniq_grinder

Skill      XL: |  1  2  3  4  5 |
---------------+----------------+-----
Throwing       | 2 |  2.0
Unarmed Combat | 4 5 |  5.0
Dodging        | 3 |  3.2
Invocations    | 1 |  1.6
Fighting       | |  1.7
Stealth        | |  0.6
Shields        | |  0.4

Action                     |  1- 3 |  4- 6 || total
---------------------------+-------+-------++-------
  Melee: Unarmed           |   106 |    42 ||   148
         Punch             |     2 |       ||     2
    Use: Scroll            |     5 |     1 ||     6
         Potion            |     4 |     1 ||     5
   Stab: Sleeping          |     1 |       ||     1
         Paralysed         |     1 |       ||     1
 Armour: Robe              |    50 |     4 ||    54
  Dodge: Dodged            |    53 |    12 ||    65
  Block: Other             |     7 |     1 ||     8
